 Dungeon Crawl Stone Soup version 0.28-a0-906-g0406aca7d3 (webtiles) character file.

Game seed: 5810147608754400802

487 night the Ruffian (level 6, -1/55 HPs)
             Began as a Troll Venom Mage on Nov 23, 2021.
             Was a Priest of Vehumet.
             Slain by Grinder (7 damage)
             ... while paralysed by Grinder
             ... on level 5 of the Dungeon.
             The game lasted 00:11:51 (4946 turns).

night the Ruffian (Troll Venom Mage)                Turns: 4946, Time: 00:11:51

Health: -1/55      AC:  6    Str: 17    XL:     6   Next: 89%
Magic:  7/8        EV:  1    Int: 13    God:    Vehumet [***...]
Gold:   238        SH:  0    Dex: 10    Spells: 2/9 levels left

rFire   . . .      SeeInvis .     - Unarmed
rCold   + . .      Faith    .   (no shield)
rNeg    . . .      Spirit   .   n - +2 robe {rC+}
rPois   .          Reflect  .   (helmet restricted)
rElec   .          Harm     .   (no cloak)
rCorr   .          Rampage  .   (gloves unavailable)
Will    .....                   (boots unavailable)
Stlth   +.........              (no amulet)
HPRegen 1.18/turn               (no ring)
MPRegen 0.11/turn               (no ring)

@: paralysed, mighty
A: large, unfitting armour, claws 3, regeneration 1, shaggy fur 1, tough skin 1
a: Renounce Religion


You were on level 5 of the Dungeon.
You worshipped Vehumet.
Vehumet was most pleased with you.
You visited 1 branch of the dungeon, and saw 5 of its levels.

You collected 238 gold pieces.

Inventory:

Missiles
 b - 125 stones
 i - 9 poisoned darts
 o - 16 arrows
 p - 19 bolts
 r - 63 sling bullets
 t - 3 boomerangs
Armour
 a - a +0 robe
 n - a +2 robe of cold resistance (worn)
Magical Staves
 q - a staff of earth
Jewellery
 c - a ring of protection from cold
 h - an amulet of faith
 k - an amulet of magic regeneration
 u - a +4 ring of evasion
Scrolls
 j - 2 scrolls of identify
 s - 2 scrolls of amnesia
Potions
 d - 2 potions of lignification {unknown}
 e - 2 potions of berserk rage
 f - a potion of heal wounds {unknown}
 g - a potion of degeneration {unknown}
 m - a potion of mutation {unknown}
 w - a potion of might


   Skills:
 - Level 1.0 Fighting
 - Level 1.5 Dodging
 - Level 1.0 Stealth
 * Level 4.3 Unarmed Combat
 + Level 2.3 Spellcasting
 + Level 2.0 Transmutations
 + Level 3.2 Poison Magic


You had 2 spell levels left.
You knew the following spells:

 Your Spells              Type           Power      Damage    Failure   Level
a - Sting                 Tmut/Pois      32%        1d4       9%          1
b - Poisonous Vapours     Pois/Air       10%        N/A       5%          2
c - Olgreb's Toxic Radia  Pois           9%         N/A       17%         4

Your spell library contained the following spells:

 Spells                   Type           Power      Damage    Failure   Level
 Fulminant Prism          Conj/Hex       0%         3d6       50%         4
 Mephitic Cloud           Conj/Pois/Air  4%         N/A       13%         3
 Stone Arrow              Conj/Erth      2%         3d7       19%         3
 Borgnjor's Vile Clutch   Necr/Erth      0%         N/A       100%        5
 Statue Form              Tmut/Erth      2%         N/A       100%        6
 Fire Storm               Conj/Fire      0%         6d1       100%        9
 Shatter                  Erth           0%         3d5*      100%        9


Dungeon Overview and Level Annotations

Branches:
Dungeon (5/15)             Temple (0/1) D:4

Altars:
Fedhas
Vehumet

Annotations:
D:5 Grinder


Innate Abilities, Weirdness & Mutations

You are too large for most types of armour.
You have claws for hands.
Your natural rate of healing is unusually fast.
You are covered in fur. (AC +1)
You have tough skin. (AC +1)


Message History

Grinder is moderately wounded.
Grinder gestures at you. You resist with significant effort.
You scratch Grinder.
Grinder is moderately wounded.
Grinder blinks!
You aren't carrying any items that you can evoke.
Grinder gestures at you. Pain shoots through your body!
Grinder blinks!
You see here an amulet of magic regeneration.
k - an amulet of magic regeneration Grinder gestures at you.
Pain shoots through your body!
It was a potion of might.
You feel very mighty all of a sudden.
You barely miss Grinder.
Grinder is moderately wounded.
Grinder hits you!
You writhe in agony.
You scratch Grinder.
Grinder is heavily wounded.
Grinder completely misses you.
You barely miss Grinder.
Grinder is heavily wounded.
Grinder closely misses you.
You claw Grinder!
Grinder is severely wounded.
Grinder gestures at you.
You suddenly lose the ability to move!
Grinder gestures at you.
You barely resist. Grinder gestures at you. Pain shoots through your body!
* * * LOW HITPOINT WARNING * * *
Grinder hits you!
* * * LOW HITPOINT WARNING * * *
You writhe in agony.
* * * LOW HITPOINT WARNING * * *
Grinder hits you!
You die...

#........>.......#
#.####.#.#######.#
#.#.##.#.#########
# #.#.##.#.........
#.#.#....##########
#.#.#.#####
#.....#.!.
###.###.####.#
#......@5..#
#####.###### #.#
..# ####


You could see Grinder.

Vanquished Creatures
  2 ogres (D:4)
  An iguana (D:5)
  Jessica (D:2)
  Terence (D:3)
  3 orc wizards (D:3)
  A hound skeleton (D:4)
  Robin (D:2)
  4 adders
  2 worms
  12 orcs
  4 bats
  5 endoplasms
  3 giant cockroaches
  18 goblins
  7 hobgoblins
  5 jackals
  A kobold (D:4)
  A quokka (D:4)
  5 ball pythons
  A frilled lizard (D:2)
  5 rats
83 creatures vanquished.

Vanquished Creatures (collateral kills)
  2 jackals (D:4)
2 creatures vanquished.

Vanquished Creatures (others)
  3 plants (D:4)
3 creatures vanquished.

Grand Total: 88 creatures vanquished

Notes
Turn   | Place    | Note
-------+----------+-------------------------------------------
     0 | D:1      | night the Troll Venom Mage began the quest for the Orb.
     0 | D:1      | Reached XP level 1. HP: 16/16 MP: 1/1
   128 | D:1      | Found a faded altar of an unknown god.
   134 | D:1      | Prayed at the altar of an unknown god.
   134 | D:1      | Became a worshipper of Vehumet
   134 | D:1      | Reached * piety under Vehumet
   134 | D:1      | Offered knowledge of Freeze by Vehumet.
   415 | D:1      | Reached XP level 2. HP: 20/24 MP: 0/3
   454 | D:1      | Reached skill level 1 in Unarmed Combat
  1243 | D:2      | Offered knowledge of Sandblast by Vehumet.
  1261 | D:2      | Noticed Robin
  1275 | D:2      | Reached ** piety under Vehumet
  1307 | D:1      | Reached XP level 3. HP: 30/32 MP: 4/4
  1317 | D:1      | Learned a level 2 spell: Poisonous Vapours
  1333 | D:2      | Killed Robin
  1389 | D:2      | Identified a scroll of acquirement
  1389 | D:2      | Acquired Pasott's Grimoire of Dusty Flames
  1401 | D:2      | Reached skill level 1 in Fighting
  1455 | D:2      | Reached skill level 2 in Unarmed Combat
  1517 | D:2      | Reached XP level 4. HP: 36/41 MP: 1/5
  1672 | D:2      | You fall into a shaft and drop 2 floors!
  1767 | D:4      | Reached skill level 1 in Transmutations
  2004 | D:2      | Noticed Jessica
  2013 | D:2      | Killed Jessica
  2246 | D:3      | Offered knowledge of Conjure Flame by Vehumet.
  2281 | D:3      | Reached XP level 5. HP: 46/48 MP: 1/6
  2339 | D:3      | Learned a level 4 spell: Olgreb's Toxic Radiance
  2639 | D:3      | Reached skill level 3 in Unarmed Combat
  2814 | D:3      | Noticed Terence
  2831 | D:3      | Killed Terence
  2832 | D:3      | Reached skill level 2 in Spellcasting
  2990 | D:3      | Reached *** piety under Vehumet
  3030 | D:3      | Reached XP level 6. HP: 55/55 MP: 2/8
  3707 | D:4      | Found a staircase to the Ecumenical Temple.
  3745 | D:4      | Found a blossoming altar of Fedhas.
  3934 | D:4      | Reached skill level 4 in Unarmed Combat
  4296 | D:4      | Reached skill level 2 in Transmutations
  4723 | D:5      | Entered Level 5 of the Dungeon
  4847 | D:5      | Offered knowledge of Fulminant Prism by Vehumet.
  4919 | D:5      | Noticed Grinder
  4942 | D:5      | Paralysed by Grinder for 6 turns
  4945 | D:5      | HP: 7/55 [Grinder (8)]
  4946 | D:5      | Slain by Grinder

Illustrated notes

Levels and vault maps discovered:
D:1:      dpeg_arrival_circle_labyrinth_c, layout_basic,
          dreamdust_ecumenical_altar_angels_and_demons,
          hangedman_decor_slide_cut, minmay_shallow_snake_nest
D:2:      layout_rooms, uniq_jessica, uniq_robin
D:3:      layout_basic, serial_corexii_hall, chequers_hall_statues_y,
          chequers_hall_statues_wall_a, chequers_hall_statues_corner_a,
          corexii_hall_statues_u, chequers_hall_statues_wall_a,
          chequers_hall_statues_y, nrook_mini_vaults, corexii_leaking_fountain,
          serial_park_tiny_2, uniq_terence
D:4:      layout_layer_cave, fedhas_altar_1, minmay_temple_entry_stoned_glass,
          lemuel_old_faithful
D:5:      layout_basic, uniq_grinder

Skill      XL: |  1  2  3  4  5  6 |
---------------+-------------------+-----
Unarmed Combat | 1 2 3 4 |  4.3
Fighting       | 1 |  1.0
Transmutations | 1 2 |  2.0
Spellcasting   | 2 |  2.3
Poison Magic   | 3 |  3.2
Dodging        | |  1.5
Stealth        | |  1.0

Action                   |  1- 3 |  4- 6 || total
-------------------------+-------+-------++-------
Melee: Unarmed           |    74 |    99 ||   173
       Punch             |       |     1 ||     1
 Cast: Sting             |    23 |    45 ||    68
       Poisonous Vapours |     1 |    33 ||    34
       Olgreb's Toxic Ra |       |     1 ||     1
  Use: Scroll            |     2 |     6 ||     8
       Potion            |       |     1 ||     1
 Stab: Sleeping          |       |     1 ||     1
Armor: Robe              |    41 |    24 ||    65
Dodge: Dodged            |    36 |    45 ||    81

Table legend: (Time is in decaauts)
 A = Elapsed time spent in this place.
 B = Non-inter-level travel time spent in this place.
 C = Inter-level travel time spent in this place.
 D = Time resting spent in this place.
 E = Time spent auto-exploring this place.
 F = Levels seen in this place.
 G = Mean time per level.
                   A        B        C        D        E       F      G
               +--------+--------+--------+--------+--------+-----+--------+
         Total |   4941 |   4794 |    147 |    289 |   3674 |   5 |  988.2 |
       Dungeon |   4941 |   4794 |    147 |    289 |   3674 |   5 |  988.2 |
               +--------+--------+--------+--------+--------+-----+--------+

Top non-repeatable levels by time:
     D:3: 1514 daAuts
     D:4: 1285 daAuts
     D:1: 1216 daAuts
     D:2: 703 daAuts
     D:5: 221 daAuts
